 Dungeon Crawl Stone Soup version 0.25.1-2-g60ff931df9 (webtiles) character file.

Game seed: 17887787281604471428

163 Exodus22XD the Poker (level 5, 0/39 HPs)
             Began as a Demonspawn Gladiator on Oct 31, 2020.
             Slain by an orc
             ... wielding a +0 mace
              (6 damage)
             ... on level 4 of the Dungeon.
             The game lasted 00:02:33 (3256 turns).

Exodus22XD the Poker (Demonspawn Gladiator)         Turns: 3256, Time: 00:02:34

Health: 0/39       AC: 10    Str: 16    XL:     5   Next: 20%
Magic:  5/5        EV: 11    Int:  9    God:
Gold:   122        SH:  0    Dex: 14    Spells: 4/4 levels left

rFire    . . .     SeeInvis .   a - +0 trident
rCold    . . .     Gourm    .   (no shield)
rNeg     . . .     Faith    .   p - +0 scale mail
rPois    .         Spirit   .   (helmet unavailable)
rElec    .         Reflect  .   (no cloak)
rCorr    .         Harm     .   c - +1 pair of gloves
MR       .....                  (no boots)
Stlth    ..........             j - amulet of the acrobat
HPRegen  0.13/turn              (no ring)
MPRegen  0.09/turn              (no ring)

@: lethally poisoned (0 -> -4)
A: horns 3, yellow scales 1
a: no special abilities


You were on level 4 of the Dungeon.
You were hungry.

You visited 1 branch of the dungeon, and saw 4 of its levels.

You collected 122 gold pieces.

Inventory:

Hand Weapons
 a - a +0 trident (weapon)
Missiles
 d - 3 throwing nets (quivered)
Armour
 b - a +0 leather armour
 c - a +1 pair of gloves (worn)
 p - a +0 scale mail (worn)
Jewellery
 j - an amulet of the acrobat (around neck)
Scrolls
 e - 2 scrolls of fear {unknown}
 h - 2 scrolls of remove curse {unknown}
 i - 2 scrolls of noise {unknown}
 l - 2 scrolls of identify {unknown}
Potions
 g - 3 potions of heal wounds {unknown}
 m - a potion of brilliance {unknown}
 n - a potion of degeneration {unknown}
 o - a potion of flight {unknown}
Comestibles
 f - 4 rations
 k - 3 chunks of flesh


   Skills:
 + Level 2.3 Fighting
 + Level 4.1 Polearms
 - Level 1.7 Throwing
 + Level 1.8 Armour
 + Level 3.6 Dodging
 + Level 0.3 Stealth


You had 4 spell levels left.
You didn't know any spells.
Your spell library was empty.

Dungeon Overview and Level Annotations

Branches:
Dungeon (4/15)
 Temple: D:4-7

Altars:
Makhleb

Annotations:
D:3 3 runed translucent doors, Thomus's ghost, amateur DECj


Innate Abilities, Weirdness & Mutations

You have a pair of large horns on your head.
You are partially covered in yellow scales. (AC +2)


Message History

The orc hits you but does no damage. The adder skeleton bites you.
The orc hits you.
The orc wizard hits you with a +0 dagger.
The orc hits you with a +0 mace.
* * * LOW HITPOINT WARNING * * *
You barely miss the orc wizard.
The orc wizard is moderately wounded.
You feel sick. The adder skeleton barely misses you.
The orc hits you but does no damage. The orc barely misses you.
The orc wizard casts a spell at you. The puff of frost misses you.
The orc hits you but does no damage. The adder skeleton barely misses you.
The orc hits you but does no damage.
Your scale mail prevents you from hitting the orc wizard.
Your headbutt misses the orc wizard.
The orc wizard is moderately wounded.
You feel sick. The orc wizard barely misses you.
The orc hits you but does no damage. The adder skeleton bites you.
* * * LOW HITPOINT WARNING * * *
The orc hits you with a +0 mace.
You die...

#.........
#.........
#.........
#.........
#.........
#.........
#..o......
#)@o......
#Zoo......
##........
#........
#........
.........
.........
##.......


You could see an orc wizard, 3 orcs and an adder skeleton.

Vanquished Creatures
  2 orc wizards
  A hound skeleton (D:4)
  2 adders
  An ooze (D:1)
  2 worms
  A dart slug (D:1)
  A leopard gecko (D:2)
  3 orcs (D:3)
  16 bats
  3 giant cockroaches (D:1)
  6 goblins
  9 hobgoblins
  6 kobolds
  2 quokkas (D:2)
  2 ball pythons
  3 frilled lizards
  2 rats
62 creatures vanquished.

Notes
Turn   | Place    | Note
-------+----------+-------------------------------------------
     0 | D:1      | Exodus22XD the Demonspawn Gladiator began the quest for the
                  | Orb.
     0 | D:1      | Reached XP level 1. HP: 16/16 MP: 1/1
   365 | D:1      | Gained mutation: You have a pair of small horns on your
                  | head. [demonic ancestry]
   365 | D:1      | Reached XP level 2. HP: 21/22 MP: 2/2
   381 | D:1      | Reached skill level 3 in Polearms
   987 | D:1      | Gained mutation: You are partially covered in yellow
                  | scales. (AC +2) [demonic ancestry]
   987 | D:1      | Reached XP level 3. HP: 22/27 MP: 3/3
  1408 | D:2      | Reached skill level 1 in Armour
  2164 | D:2      | Gained mutation: You have a pair of horns on your head.
                  | [demonic ancestry]
  2164 | D:2      | Reached XP level 4. HP: 33/33 MP: 4/4
  2295 | D:3      | Found a runed translucent gate.
  2295 | D:3      | Found a runed translucent gate.
  2295 | D:3      | Found a runed translucent gate.
  2299 | D:3      | Noticed Thomus's ghost (amateur DECj)
  2299 | D:3      | Noticed a centaur
  2352 | D:3      | Found a burning altar of Makhleb.
  3239 | D:4      | Reached skill level 4 in Polearms
  3239 | D:4      | Gained mutation: You have a pair of large horns on your
                  | head. [demonic ancestry]
  3239 | D:4      | Reached XP level 5. HP: 39/39 MP: 5/5
  3256 | D:4      | Slain by an orc

Illustrated notes

Levels and vault maps discovered:
D:1:      dpeg_chamrin_arrival_tetris, layout_basic, serial_curves,
          eino_curves_03, eino_curves_03
D:2:      layout_basic
D:3:      layout_basic, lemuel_round_altar, gammafunk_ghost_split
D:4:      layout_cave_pods, minmay_temple_entry_from_below_a, first_ration

Skill      XL: |  1  2  3  4 |
---------------+-------------+-----
Dodging        | 3 |  3.6
Polearms       | 3 4 |  4.1
Armour         | 1 |  1.8
Fighting       | |  2.3
Throwing       | |  1.7
Stealth        | |  0.3

Action                   |  1- 3 |  4- 6 || total
-------------------------+-------+-------++-------
Melee: Trident           |   124 |    72 ||   196
       Headbutt          |    13 |     6 ||    19
 Stab: Sleeping          |     1 |       ||     1
  Eat: Chunk             |     4 |     3 ||     7
Armor: Leather armour    |    21 |    46 ||    67
       Scale mail        |       |    28 ||    28
Dodge: Dodged            |    78 |   142 ||   220
